 Dungeon Crawl Stone Soup version 0.22.1-1-ga44c0e5 (webtiles) character file.

23 whitewolfNL the Insei (level 3, -1/23 HPs)
             Began as an Octopode Transmuter on Sept 22, 2018.
             Slain by an adder (5 damage)
             ... on level 2 of the Dungeon.
             The game lasted 00:06:55 (1485 turns).

whitewolfNL the Insei (Octopode Transmuter)         Turns: 1485, Time: 00:06:56

Health: -1/23      AC:  1    Str: 10    XL:     3   Next: 0%
Magic:  5/6        EV: 13    Int: 15    God:
Gold:   50         SH:  0    Dex: 12    Spells: 5/6 levels left

rFire    . . .     SeeInvis +     - Unarmed
rCold    . . .     Gourm    .   (no shield)
rNeg     + . .     Faith    .   (helmet restricted)
rPois    .         Spirit   .   (no amulet)
rElec    .         Reflect  .   f - ring of positive energy
rCorr    .         Harm     .   j - ring of see invisible
MR       .....                  (no ring)
Stlth    ++........             (no ring)
HPRegen  0.07/turn              (no ring)
MPRegen  0.10/turn              (no ring)
                                (no ring)
                                (no ring)

@: lethally poisoned (-1 -> -6), appendage
A: almost no armour, stealthy swim, amphibious, 8 rings, constrict 8, tentacle
spike 3, camouflage 1, gelatinous body 1
a: End Transformation


You were on level 2 of the Dungeon.
You were hungry.
One of your tentacles had a temporary spike.
You visited 1 branch of the dungeon, and saw 2 of its levels.

You collected 50 gold pieces.

Inventory:

Missiles
 a - 55 arrows
 e - 20 stones (quivered)
 g - 10 poisoned needles
Jewellery
 f - a ring of positive energy (left tentacle)
 j - a ring of see invisible (right tentacle)
Scrolls
 b - a scroll of fear {unknown}
 h - a scroll of amnesia {unknown}
 i - a scroll of remove curse {unknown}
Comestibles
 c - 2 rations


   Skills:
 * Level 1.3 Fighting
 + Level 2.0 Dodging
 * Level 0.5 Stealth
 * Level 3.6 Unarmed Combat
 + Level 2.0 Spellcasting
 + Level 2.1 Transmutations


You had 5 spell levels left.
You knew the following spells:

 Your Spells              Type           Power        Failure   Level  Hunger
a - Beastly Appendage     Tmut           #.....       9%          1    #......

Your spell library contained the following spells:

 Spells                   Type           Power        Failure   Level  Hunger
 Sticks to Snakes         Tmut           #.......     14%         2    ###....
 Spider Form              Tmut/Pois      #.........   38%         3    ###....
 Ice Form                 Ice/Tmut       #.......     80%         4    #####..
 Blade Hands              Tmut           #.........   94%         5    ######.


Dungeon Overview and Level Annotations

Branches:
Dungeon (2/15)

Altars:


Innate Abilities, Weirdness & Mutations

You cannot wear most types of armour.
You are very stealthy in the water. (Stealth+)
You are amphibious.
You can wear up to eight rings at the same time.
You can use your tentacles to constrict eight enemies at once.
Your skin changes colour to match your surroundings (Stealth+).
Your rubbery body absorbs attacks. (AC +1, EV +1)
One of your tentacles bears a large vicious spike.


Message History

An adder comes into view.
The adder hisses angrily.
Your tentacle spike disappears.
You tentacle-slap the adder but do no damage.
You grab the adder. You squeeze the adder.
The adder is moderately wounded.
You constrict the adder. The adder misses you.
Casting: Beastly Appendage (safe; 9% risk of failure)
Confirm with . or Enter, or press ? or * to list all spells.
One of your tentacles grows a vicious spike.
You constrict the adder. The adder bites you.
You are poisoned.
The adder poisons you! The adder bites you.
* * * LOW HITPOINT WARNING * * *
You tentacle-slap the adder.
The adder is severely wounded.
You constrict the adder.
* * * LOW HITPOINT WARNING * * *
You feel sick. The adder bites you.
You die...

#.# #.# #.# ##.## #<#
##...##########.#
.... #......##.# ###
... #.####.##.# ....
#.# #.##.....)#
.....##.###.##.#.####
..........S@...#.#
.....##.###.####.#
... #.# #.# #.# # #.#
#.. ..# #.# #### ###
#.###### #.##...
#######.##.####
...........S..#


You could see an adder.

Vanquished Creatures
  2 bats (D:1)
  A giant cockroach (D:1)
  2 goblins (D:1)
  3 hobgoblins (D:1)
  2 quokkas (D:2)
  A ball python (D:1)
  6 frilled lizards (D:1)
  2 kobolds (D:1)
  5 rats (D:1)
24 creatures vanquished.

Notes
Turn   | Place    | Note
-------+----------+-------------------------------------------
     0 | D:1      | whitewolfNL the Octopode Transmuter began the quest for the
                  | Orb.
     0 | D:1      | Reached XP level 1. HP: 13/13 MP: 3/3
   373 | D:1      | Reached XP level 2. HP: 17/18 MP: 5/5
  1459 | D:2      | Reached XP level 3. HP: 9/23 MP: 4/6
  1485 | D:2      | Slain by an adder

Action                   || total
-------------------------++-------
Melee: Unarmed           ||    55
       Constrict         ||    14
       Tentacles         ||     5
       Kick              ||     2
       Punch             ||     1
 Cast: Beastly Appendage ||     3
 Stab: Sleeping          ||     5
  Eat: Chunk             ||     1
Armor: Skin              ||     7
Dodge: Dodged            ||    26
